 Dungeon Crawl Stone Soup version 0.29.0-13-gc9e81de378 (webtiles) character file.

Game seed: 11078290003749986966

19708 Artool the Fighter (level 12, -3/89 HPs)
             Began as a Demonspawn Gladiator on Sept 7, 2022.
             Was an Elder of Hepliaklqana.
             Slain by a redback (6 damage)
             ... on level 12 of the Dungeon.
             The game lasted 00:52:04 (11893 turns).

Artool the Fighter (Demonspawn Gladiator)          Turns: 11893, Time: 00:52:04

Health: -3/89      AC: 19    Str: 19    XL:     12   Next: 38%
Magic:  12/12      EV: 15    Int:  9    God:    Hepliaklqana [****..]
Gold:   476        SH:  0    Dex: 16    Spells: 11/11 levels left

rFire   . . .      SeeInvis .   a - +2 whip (freeze)
rCold   . . .      Faith    .   (no shield)
rNeg    + . .      Spirit   .   v - +1 scale mail {Will+}
rPois   .          Reflect  .   c - +0 helmet
rElec   .          Harm     .   H - +1 cloak
rCorr   +          Rampage  .   g - +2 pair of gloves
Will    +....                   (no boots)
Stlth   ..........              A - amulet of regeneration
HPRegen 1.04/turn               N - ring of positive energy
MPRegen 0.13/turn               z - ring of resist corrosion

@: lethally poisoned (-3 -> -37)
A: reduced essence, thin metallic scales 2, powered by death 2, demonic touch 2
a: Renounce Religion, Recall Ancestor, Ancestor Identity, Transference, Idealise


You were on level 12 of the Dungeon.
You worshipped Hepliaklqana.
Hepliaklqana was greatly pleased with you.
You visited 4 branches of the dungeon, and saw 16 of its levels.

You collected 883 gold pieces.
You spent 407 gold pieces at shops.

Inventory:

Hand Weapons
 a - a +2 whip of freezing (weapon)
Missiles
 d - 4 throwing nets (quivered)
 e - a javelin
 m - 8 boomerangs
 J - 15 poisoned darts
Armour
 b - a +0 leather armour
 c - a +0 helmet (worn)
 g - a +2 pair of gloves (worn)
 o - a +0 troll leather armour
 v - a +1 scale mail of willpower (worn)
 B - +0 acid dragon scales
 F - +0 steam dragon scales
 H - a +1 cloak (worn)
Jewellery
 l - a ring of ice
 z - a ring of resist corrosion (right hand)
 A - an amulet of regeneration (around neck)
 E - a ring of willpower
 N - a ring of positive energy (left hand)
Wands
 i - a wand of flame (24)
 p - a wand of mindburst (2)
 u - a wand of digging (4)
Scrolls
 f - 2 scrolls of blinking
 h - a scroll of amnesia
 j - 4 scrolls of enchant armour
 k - 10 scrolls of identify
 n - a scroll of torment {unknown}
 r - a scroll of fear
 t - 2 scrolls of butterflies
 w - a scroll of enchant weapon
 x - 7 scrolls of vulnerability
 y - 3 scrolls of magic mapping
Potions
 q - 9 potions of curing
 s - 3 potions of heal wounds
 C - a potion of might
 Q - 2 potions of flight
 T - a potion of haste
Miscellaneous
 D - a tin of tremorstones (2/2)
 U - a condenser vane


   Skills:
 + Level 10.6 Fighting
 + Level 10.0 Maces & Flails
 - Level 2.0 Throwing
 + Level 9.6 Armour
 + Level 10.0 Dodging


You had 11 spell levels left.
You didn't know any spells.
Your spell library contained the following spells:

 Spells                   Type           Power      Damage    Failure   Level
 Blink                    Tloc           0%         N/A       83%         2
 Static Discharge         Conj/Air       0%         3-3/arc   83%         2
 Confusing Touch          Hex            0%         N/A       97%         3
 Dispel Undead            Necr           0%         3d6       100%        4
 Sticky Flame             Conj/Fire      0%         2d3       100%        4
 Manifold Assault         Tloc           0%         N/A       100%        5
 Yara's Violent Unravell  Hex/Tmut       0%         3d3       100%        5
 Enfeeble                 Hex            0%         N/A       100%        7
 Storm Form               Tmut/Air       0%         N/A       100%        7


Dungeon Overview and Level Annotations

Branches:
Dungeon (12/15)            Temple (1/1) D:4            Lair (2/5) D:8
    Orc (1/2) D:10
  Swamp: Lair:2-3    Shoals: Lair:2-3     Snake: Lair:2-3    Spider: Lair:2-3

Altars:
Ashenzari
Cheibriados
Dithmenos
Fedhas
Gozag
Hepliaklqana
Kikubaaqudgha
Makhleb
Nemelex Xobeh
Okawaru
Qazlal
Ru
Sif Muna
Trog
Uskayaw
Vehumet
Wu Jian
Xom
Yredelemnul

Shops:
D:2 !   D:9 (   D:11 *

Annotations:
D:8 2 transporters
Orc:1 Erolcha


Innate Abilities, Weirdness & Mutations

Your life essence is reduced to manifest your ancestor. (-10% HP)
You are mostly covered in thin metallic scales. (AC +3)
You regenerate health from kills.
Your touch may inflict irresistible damage on your foes.


Message History

The redback misses you. The redback closely misses you.
The redback barely misses you. The redback misses you.
Unknown command.
You closely miss the redback. Your touch misses the redback.
The redback is severely wounded.
You feel sick. The redback closely misses you. The redback misses you. x2
The redback barely misses you. The redback closely misses you.
The redback bites you but does no damage.
You hit the redback. You freeze the redback.
The redback is severely wounded.
You feel sick. The redback barely misses you.
The redback completely misses you. The redback barely misses you.
The redback bites you but does no damage. x3
Unknown command.
You hit the redback but do no damage.
The redback is severely wounded.
You feel sick. The redback misses you.
The redback bites you but does no damage.
The redback misses you. The redback bites you.
* * * LOW HITPOINT WARNING * * *
The redback closely misses you. x2
You closely miss the redback. Your touch misses the redback.
The redback is severely wounded.
The redback closely misses you. The redback barely misses you.
The redback bites you.
* * * LOW HITPOINT WARNING * * *
You are lethally poisoned!
The redback poisons you! The redback closely misses you.
The redback completely misses you. The redback misses you.
You hit the redback but do no damage. Your touch misses the redback.
The redback is severely wounded.
* * * LOW HITPOINT WARNING * * *
You feel extremely sick. The redback bites you!
* * * LOW HITPOINT WARNING * * *
The redback bites you but does no damage.
The redback barely misses you.
The redback bites you but does no damage. x2
The redback bites you.
You die...

#.#..##[#.#.#.#
#.#.....#.#.#
#.##...# #.#....##
# ##### #.#....?#.#
.....
#####'#+......#.#
.....
#...............#
.....
#......sss..#...#
.....
#.......@ss##......
#####
#...#+#.ss....#.###
#...# #########.#
#...# # # #...# #
##### ## #. #. #.


You could see 7 redbacks.

Vanquished Creatures
  A hydra (D:12)
  A two-headed ogre (D:11)
  Pikel (D:8)
  A manticore (D:11)
  2 cyclopes
  A cane toad (Lair:1)
  Maggie (D:7)
  Psyche (D:8)
  An unseen horror (D:11)
  2 trolls
  3 slime creatures (D:10)
  2 shadows (D:11)
  20 yaks
  2 wraiths (D:11)
  A water elemental (D:12)
  2 wyverns
  4 vampire mosquitoes (D:11)
  A redback (D:12)
  A steam dragon (D:8)
  A warg (D:10)
  2 water moccasins
  3 acid dragons
  2 black bears
  3 ice beasts
  5 sky beasts
  An ogre (D:5)
  3 orc warriors
  3 centaurs
  A phantom (D:6)
  2 bullfrogs
  2 kobold brigands (D:8)
  A gnoll sergeant (D:10)
  4 scorpions
  18 wights
  25 killer bees
  2 electric eels (Lair:1)
  3 jellies
  2 gnoll boudas
  9 orc priests
  Crazy Yiuf (D:7)
  3 iguanas (D:5)
  Natasha (thrice) (D:4)
  7 orc wizards
  10 gnolls
  7 adders
  A shadow imp (D:8)
  A white imp (D:5)
  2 ufetubi (D:5)
  3 worms
  4 dart slugs
  29 orcs
  3 endoplasms
  A giant cockroach (D:4)
  9 goblins
  8 hobgoblins
  2 quokkas
  4 ball pythons
  4 bats
  5 frilled lizards
  15 kobolds
  3 rats
265 creatures vanquished.

Vanquished Creatures (collateral kills)
  A boulder beetle (D:12)
  A two-headed ogre (D:9)
  A manticore (D:11)
  2 cyclopes (D:11)
  2 black mambas (Lair:1)
  An unseen horror (D:11)
  A komodo dragon (D:11)
  A bullfrog (Lair:1)
  2 scorpions (D:6)
  A wight (D:10)
  5 killer bees
  A hound (D:6)
  An orc priest (D:10)
  An iguana (D:6)
  2 orc wizards
  8 gnolls
  5 orcs
36 creatures vanquished.

Vanquished Creatures (others)
  5 hexers
  5 ancestors
  A fungus (Lair:2)
  6 plants
17 creatures vanquished.

Grand Total: 318 creatures vanquished

Notes
Turn   | Place    | Note
-------+----------+-------------------------------------------
     0 | D:1      | Artool the Demonspawn Gladiator began the quest for the
                  | Orb.
     0 | D:1      | Reached XP level 1. HP: 16/16 MP: 1/1
   157 | D:1      | Gained mutation: You regenerate a little health from kills.
                  | [demonic ancestry]
   157 | D:1      | Reached XP level 2. HP: 12/22 MP: 2/2
   366 | D:1      | Found a faded altar of an unknown god.
  1269 | D:2      | Reached skill level 1 in Armour
  1277 | D:2      | Found Wipeus's Distillery.
  1285 | D:2      | Bought a potion of degeneration for 11 gold pieces
  1331 | D:2      | Gained mutation: Your touch may inflict minor irresistible
                  | damage on your foes. [demonic ancestry]
  1331 | D:2      | Reached XP level 3. HP: 28/28 MP: 3/3
  1754 | D:3      | Reached XP level 4. HP: 34/34 MP: 4/4
  2310 | D:4      | Found a staircase to the Ecumenical Temple.
  2326 | D:4      | Noticed Natasha
  2330 | Temple   | Entered the Ecumenical Temple
  2335 | Temple   | Became a worshipper of Hepliaklqana the Forgotten
  2719 | D:4      | Killed Natasha
  2720 | D:4      | Gained mutation: Your touch may inflict irresistible damage
                  | on your foes. [demonic ancestry]
  2720 | D:4      | Reached XP level 5. HP: 22/41 MP: 5/5
  3010 | D:4      | Noticed Natasha
  3015 | D:4      | Killed Natasha
  3351 | D:4      | Noticed Natasha
  3382 | D:4      | Killed Natasha
  3383 | D:4      | Reached XP level 6. HP: 47/47 MP: 6/6
  3445 | D:5      | Entered Level 5 of the Dungeon
  3524 | D:5      | Gained mutation: You are partially covered in thin metallic
                  | scales. (AC +2) [demonic ancestry]
  3524 | D:5      | Reached XP level 7. HP: 27/54 MP: 7/7
  4188 | D:6      | Reached * piety under Hepliaklqana
  4299 | D:6      | You fall into a shaft and drop 2 floors!
  4304 | D:8      | Noticed Psyche
  4307 | D:8      | Paralysed by Psyche for 4 turns
  4314 | D:8      | Paralysed by Psyche for 2 turns
  4322 | D:8      | Paralysed by Psyche for 4 turns
  4327 | D:8      | Killed Psyche
  4328 | D:8      | Reached skill level 5 in Fighting
  4328 | D:8      | Reached skill level 5 in Maces & Flails
  4328 | D:8      | Reached skill level 5 in Dodging
  4328 | D:8      | Gained mutation: You are mostly covered in thin metallic
                  | scales. (AC +3) [demonic ancestry]
  4328 | D:8      | Reached XP level 8. HP: 49/55 MP: 8/8
  4669 | D:7      | Found an opulent altar of Gozag.
  5009 | D:6      | Reached skill level 5 in Armour
  5042 | D:6      | Reached ** piety under Hepliaklqana
  5050 | D:6      | Reached XP level 9. HP: 43/62 MP: 9/9
  5738 | D:7      | Noticed Maggie
  5752 | D:7      | Killed Maggie
  6158 | D:7      | Found a runed translucent door.
  6159 | D:7      | Noticed Crazy Yiuf
  6165 | D:7      | Killed Crazy Yiuf
  6351 | D:8      | Noticed Pikel
  6366 | D:8      | Killed Pikel
  6367 | D:8      | Reached XP level 10. HP: 33/71 MP: 10/10
  6414 | D:8      | Found a staircase to the Lair.
  6422 | D:8      | Found a broken altar of Ashenzari.
  6600 | D:8      | Found a transporter.
  6604 | D:8      | Noticed a centaur warrior
  6618 | D:8      | Found a transporter.
  6921 | D:9      | Found Bibuseh's Weapon Boutique.
  7018 | D:9      | Found a sacrificial altar of Ru.
  8297 | D:2      | Bought a potion of ambrosia for 88 gold pieces
  8297 | D:2      | Bought a potion of lignification for 33 gold pieces
  8297 | D:2      | Bought a potion of brilliance for 44 gold pieces
  8297 | D:2      | Bought a potion of haste for 110 gold pieces
  8297 | D:2      | Bought a potion of curing for 33 gold pieces
  8297 | D:2      | Bought a potion of mutation for 88 gold pieces
  8458 | Lair:1   | Entered Level 1 of the Lair of Beasts
  8476 | Lair:1   | Reached XP level 11. HP: 69/78 MP: 11/11
  8797 | Lair:1   | Reached *** piety under Hepliaklqana
  8824 | Lair:1   | Remembered your ancestor Zosia as a hexer
  9203 | Lair:2   | Noticed an eight-headed hydra
  9410 | D:10     | Entered Level 10 of the Dungeon
  9492 | D:10     | Found a staircase to the Orcish Mines.
 10120 | D:10     | Noticed a two-headed ogre
 10133 | D:9      | Killed a two-headed ogre
 10265 | Orc:1    | Entered Level 1 of the Orcish Mines
 10265 | Orc:1    | Noticed Erolcha
 10265 | Orc:1    | Found a shimmering altar of Xom.
 10338 | Orc:1    | Noticed an orc sorcerer
 10365 | Orc:1    | Paralysed by an orc sorcerer for 2 turns
 10450 | D:11     | Found Dioriyn's Assorted Antiques.
 10450 | D:11     | Reached **** piety under Hepliaklqana
 10903 | D:11     | Reached skill level 10 in Fighting
 11091 | D:11     | Noticed a two-headed ogre
 11112 | D:11     | Killed a two-headed ogre
 11123 | D:11     | Gained mutation: You regenerate health from kills. [demonic
                  | ancestry]
 11123 | D:11     | Reached XP level 12. HP: 73/87 MP: 12/12
 11648 | D:12     | Noticed an eight-headed hydra
 11654 | D:12     | Killed an eight-headed hydra
 11655 | D:12     | Noticed a boulder beetle
 11735 | D:12     | Killed a boulder beetle
 11736 | D:12     | Reached skill level 10 in Maces & Flails
 11736 | D:12     | Reached skill level 10 in Dodging
 11893 | D:12     | HP: 3/89 [redback (13)]
 11893 | D:12     | Slain by a redback

Illustrated notes

Levels and vault maps discovered:
D:1:      dpeg_arrival_simpleton_c, layout_rooms,
          hellmonk_ecumenical_altar_arch_garden
D:2:      layout_loops_corners, serial_shops, shop,
          hangedman_decor_clover_reticule, kennysheep_generic_room_6
D:3:      layout_basic, minmay_stone_trees_small, dreamdust_princess_bridge
D:4:      layout_basic, temple_pool_b, uniq_natasha
D:5:      layout_rooms
D:6:      layout_cave_pods, nrook_campfire
D:7:      layout_loops_ring, grunt_gozag_statues, uniq_maggie,
          uniq_crazy_yiuf_cottage
D:8:      gammafunk_the_bubble [the_bubble_gammafunk_plus_minus],
          layout_loops_ring, mainiacjoe_overflow_concentric_impassable,
          uniq_pikel, uniq_psyche
D:9:      layout_basic, nicolae_ru_sacrificial_ziggurat, serial_shops,
          nicolae_shop_bloodbath_and_beyond, nicolae_underground_beach
D:10:     layout_irregular_city, david_orc_3
D:11:     layout_basic, serial_shops, shop, minmay_alternating_orb
D:12:     layout_basic, fountainhead, drop_trap, due_unseen_surprise
Temple:   compressed_dpeg_triangle_lava_temple
Lair:1:   layout_hall_layers, serial_bayou_shore_a
Lair:2:   layout_loops_ring, grunt_megastairs_4, infiniplex_staircase_pool
Orc:1:    layout_caves, basic_altar, uniq_erolcha

Skill      XL: |  1  2  3  4  5  6  7  8  9 10 11 12 |
---------------+-------------------------------------+-----
Throwing       | 2 |  2.0
Maces & Flails | 3 4 5 6 7 8 9 10 | 10.0
Armour         | 1 2 3 4 5 6 7 9 |  9.6
Dodging        | 3 4 5 6 7 8 9 10 | 10.0
Fighting       | 3 4 5 6 7 8 10 | 10.6

Action                   |  1- 3 |  4- 6 |  7- 9 | 10-12 || total
-------------------------+-------+-------+-------+-------++-------
Melee: Flail             |    16 |       |       |       ||    16
       Punch             |     2 |     2 |     4 |    13 ||    21
       Whip              |    82 |   106 |   278 |   666 ||  1132
       Touch             |     6 |    26 |    63 |   130 ||   225
       Unarmed           |       |       |     1 |       ||     1
Invok: Ancestor Identity |       |       |     1 |       ||     1
       Recall Ancestor   |       |       |     1 |     1 ||     2
       Ancestor Life: He |       |       |       |     1 ||     1
  Use: Scroll            |       |       |       |    11 ||    11
       Potion            |       |       |       |     7 ||     7
 Stab: Sleeping          |     2 |     1 |       |       ||     3
       Distracted        |       |       |       |     4 ||     4
       Confused          |       |       |       |    11 ||    11
Armor: Leather armour    |    23 |    18 |    81 |   186 ||   308
       Scale mail        |       |       |       |    53 ||    53
Dodge: Dodged            |    49 |    40 |   194 |   628 ||   911
